 Dungeon Crawl Stone Soup version 0.20.1-1-g8b1a95d (webtiles) character file.

590 TheGuigne the Slasher (level 7, -4/52 HPs)
             Began as a Demonspawn Fighter on Aug 12, 2017.
             Was an Initiate of Okawaru.
             Slain by an ogre
             ... wielding a +0 giant spiked club
              (17 damage)
             ... on level 4 of the Dungeon.
             The game lasted 00:07:39 (3911 turns).

TheGuigne the Slasher (Demonspawn Fighter)          Turns: 3911, Time: 00:07:39

Health: -4/52      AC:  7    Str: 21    XL:     7   Next: 15%
Magic:  7/7        EV:  7    Int:  9    God:    Okawaru [......]
Gold:   320        SH:  9    Dex: 15    Spells: 6/6 levels left

rFire    . . .     SeeInvis .   a - +0 long sword
rCold    . . .     Gourm    .   c - +0 shield
rNeg     . . .     Faith    .   b - +0 scale mail
rPois    .         Spirit   .   p - +0 helmet
rElec    .         Reflect  .   (no cloak)
rCorr    .         Harm     .   (no gloves)
MR       .....                  (no boots)
Stlth    +.........             l - amulet of rage
Regen    0.2/turn               y - +3 ring of strength
MPRegen  0.1/turn               (no ring)

@: no status effects
A: claws 1, thin skeletal structure 1, powered by death 2
a: Renounce Religion, Evoke Berserk Rage


You were on level 4 of the Dungeon.
You worshipped Okawaru.
Okawaru was noncommittal.
You were hungry.

You visited 2 branches of the dungeon, and saw 5 of its levels.

You collected 320 gold pieces.

Inventory:

Hand Weapons
 a - a +0 long sword (weapon)
Armour
 b - a +0 scale mail (worn)
 c - a +0 shield (worn)
 p - a +0 helmet (worn)
 t - a +2 buckler
Magical Staves
 A - an uncursed staff of air
Jewellery
 l - an amulet of rage (around neck)
 y - a +3 ring of strength (left claw)
 B - an uncursed amulet of faith {unknown}
Scrolls
 e - a scroll of enchant armour {unknown}
 i - 3 scrolls of teleportation
 k - 5 scrolls of identify {unknown}
 m - a scroll of fog {unknown}
 n - a scroll of amnesia {unknown}
 o - 3 scrolls of remove curse
 v - a scroll of magic mapping {unknown}
 x - a scroll of fear {unknown}
 C - a scroll of enchant weapon {unknown}
Potions
 d - a potion of might
 h - a potion of cancellation {unknown}
 q - a potion of heal wounds
 r - 2 potions of curing {unknown}
 s - 2 potions of degeneration {unknown}
 u - a potion of brilliance {unknown}
 w - a potion of haste {unknown}
 z - a potion of flight {unknown}
Comestibles
 f - 3 bread rations
 g - a royal jelly
 j - 6 fruits
 D - a chunk of flesh


   Skills:
 - Level 3.0 Fighting
 + Level 7.3 Long Blades
 - Level 2.6 Armour
 - Level 2.6 Shields


You had 6 spell levels left.
You didn't know any spells.

Dungeon Overview and Level Annotations

Branches:
Dungeon (4/15)             Temple (1/1) D:4

Altars:
Cheibriados
Dithmenos
Elyvilon
Nemelex Xobeh
Okawaru
Ru
Sif Muna
Trog
Zin


Innate Abilities, Weirdness & Mutations

You have sharp fingernails.
You have a somewhat thin skeletal structure. (Dex +2, Stealth)
You regenerate health from kills.


Message History

You are too injured to fight recklessly!
You are too injured to fight recklessly!
You are too injured to fight recklessly!
You are too injured to fight recklessly!
You are too injured to fight recklessly!
You are too injured to fight recklessly!
You are too injured to fight recklessly!
You are too injured to fight recklessly!
You are too injured to fight recklessly!
You are too injured to fight recklessly!
You are too injured to fight recklessly!
You slash the ogre!
The ogre is moderately wounded.
The ogre hits you with a giant spiked club!!
* * * LOW HITPOINT WARNING * * *
Okay, then.
You block the ogre's attack.
You are feeling hungry.
The ogre hits you with a giant spiked club!
You die...

#...[########.###.......
######.....................
........<......#..†.......
.........................
########...#.........#...
##.......#...........#
...#######.....#####.#
.#....#####.>..O####.#
##....#.....#...@....#######
#......#####...##.........#
#.........................#
##....#######.##...).......
......# #.####.........
......#### #.# ##.#.#####
##.##.÷..## #.# #>..#
.#..####..# #.# ###.##
.......##.###.#######..###


You could see an ogre.

Vanquished Creatures
  A phantom (D:4)
  An ogre (D:4)
  Blork the orc (D:4)
  An orc wizard (D:3)
  A hound (D:4)
  An iguana (D:4)
  Natasha (thrice) (D:4)
  Robin (D:4)
  6 adders
  5 worms
  4 dart slugs
  11 orcs
  3 giant cockroaches
  16 goblins
  14 hobgoblins
  7 jackals
  4 quokkas
  A ball python (D:1)
  8 bats
  6 frilled lizards
  2 kobolds
  11 rats
108 creatures vanquished.

Notes
Turn   | Place    | Note
-------+----------+-------------------------------------------
     0 | D:1      | TheGuigne the Demonspawn Fighter began the quest for the Orb.
     0 | D:1      | Reached XP level 1. HP: 18/18 MP: 1/1
    84 | D:1      | Reached skill level 2 in Long Blades
   174 | D:1      | Gained mutation: You have a somewhat thin skeletal structure. (Dex +2, Stealth) [demonic ancestry]
   174 | D:1      | Reached XP level 2. HP: 23/24 MP: 2/2
   420 | D:1      | Reached skill level 3 in Long Blades
   910 | D:2      | Reached XP level 3. HP: 12/29 MP: 3/3
  1580 | D:2      | Reached skill level 4 in Long Blades
  1580 | D:2      | Gained mutation: You have sharp fingernails. [demonic ancestry]
  1580 | D:2      | Reached XP level 4. HP: 29/35 MP: 4/4
  2011 | D:3      | Found a faded altar of an unknown god.
  2308 | D:3      | Gained mutation: You regenerate a little health from kills. [demonic ancestry]
  2308 | D:3      | Reached XP level 5. HP: 25/41 MP: 5/5
  2339 | D:3      | Reached skill level 5 in Long Blades
  2768 | D:4      | Noticed Blork the orc
  2773 | D:4      | Killed Blork the orc
  2781 | D:4      | Gained mutation: You regenerate health from kills. [demonic ancestry]
  2781 | D:4      | Reached XP level 6. HP: 25/47 MP: 6/6
  2962 | D:4      | Found a shadowy altar of Dithmenos.
  3035 | D:4      | Noticed Natasha
  3039 | D:4      | Killed Natasha
  3039 | D:4      | Reached skill level 6 in Long Blades
  3121 | D:4      | Noticed Natasha
  3128 | D:4      | Killed Natasha
  3460 | D:4      | Found a staircase to the Ecumenical Temple.
  3529 | Temple   | Entered the Ecumenical Temple
  3542 | Temple   | Became a worshipper of Warmaster Okawaru
  3557 | D:4      | Noticed Robin
  3562 | D:4      | Killed Robin
  3642 | D:4      | Noticed Natasha
  3645 | D:4      | Killed Natasha
  3737 | D:4      | Reached skill level 7 in Long Blades
  3737 | D:4      | Reached XP level 7. HP: 25/52 MP: 7/7
  3911 | D:4      | Slain by an ogre

Skill      XL: |  1  2  3  4  5  6 |
---------------+-------------------+-----
Long Blades    | 2 3 4 5 7 |  7.3
Fighting       | |  3.0
Armour         | |  2.6
Shields        | |  2.6

Action                   |  1- 3 |  4- 6 |  7- 9 || total
-------------------------+-------+-------+-------++-------
Melee: Long sword        |   138 |   280 |     8 ||   426
  Use: Scroll            |       |     2 |       ||     2
       Potion            |       |     1 |       ||     1
  Eat: Chunk             |     2 |     8 |       ||    10
Armor: Scale mail        |    65 |   117 |     2 ||   184
Dodge: Dodged            |    28 |    69 |     1 ||    98
Block: Shield            |    68 |   124 |     2 ||   194
       Rpst.: Long sword |    10 |    23 |       ||    33
